 Dungeon Crawl Stone Soup version 0.21-a0-401-g0b6bec4 (webtiles) character file.

480 kae the Digger (level 7, -4/36 HPs)
             Began as a Gargoyle Earth Elementalist on Oct 25, 2017.
             Slain by a hornet zombie (7 damage)
             ... on level 5 of the Dungeon.
             The game lasted 00:06:00 (5782 turns).

kae the Digger (Gargoyle Earth Elementalist)        Turns: 5782, Time: 00:06:01

Health: -4/36      AC:  8    Str: 11    XL:     7   Next: 11%
Magic:  9/13       EV: 12    Int: 18    God:
Gold:   221        SH:  0    Dex: 10    Spells: 10/14 levels left

rFire    . . .     SeeInvis .   f - +0 falchion
rCold    . . .     Gourm    .   (no shield)
rNeg     + . .     Faith    .   c - +0 robe
rPois    ∞         Spirit   .   s - +1 helmet
rElec    +         Reflect  .   (no cloak)
rCorr    .         Harm     .   (no gloves)
MR       .....                  (no boots)
Stlth    ++........             (no amulet)
HPRegen  0.12/turn              (no ring)
MPRegen  0.13/turn              (no ring)

@: no status effects
A: negative energy resistance 1, electricity resistance, unbreathing,
petrification resistance, rot immunity, AC +4
a: no special abilities


You were on level 5 of the Dungeon.
You were very hungry.

You visited 1 branch of the dungeon, and saw 5 of its levels.

You collected 221 gold pieces.

Inventory:

Hand Weapons
 a - a +0 club
 f - a +0 falchion (weapon)
Missiles
 b - 121 stones (quivered)
Armour
 c - a +0 robe (worn)
 s - a +1 helmet (worn)
Jewellery
 j - an uncursed amulet of harm
 o - an uncursed ring of magical power {unknown}
Wands
 r - a wand of polymorph (21/24)
 w - a wand of lightning (9/15)
Scrolls
 m - a scroll of fear
 p - 2 scrolls of identify
 q - a scroll of noise
 v - a scroll of teleportation {unknown}
 x - a scroll of fog {unknown}
Potions
 l - 2 potions of might
 t - a potion of haste {unknown}
 u - a potion of curing {unknown}
Books
 e - a book of Geomancy

   Spells                             Type                      Level
   a - Sandblast                      Earth                        1
   b - Passwall                       Transmutation/Earth          2
   c - Stone Arrow                    Conjuration/Earth            3
   d - Petrify                        Transmutation/Earth          4
   e - Lee's Rapid Deconstruction     Earth                        5
 i - a book of Maledictions

   Spells                             Type                      Level
   a - Corona                         Hexes                        1
   b - Ensorcelled Hibernation        Hexes/Ice                    2
   c - Confuse                        Hexes                        3
   d - Tukima's Dance                 Hexes                        3
   e - Dazzling Spray                 Conjuration/Hexes            3
Comestibles
 d - 3 bread rations
 g - a fruit
 h - 3 royal jellies
 n - 2 meat rations


   Skills:
 - Level 1.5 Dodging
 - Level 2.1 Stealth
 + Level 4.4 Spellcasting
 + Level 3.9 Conjurations
   Level 0.7 Transmutations
 + Level 6.3 Earth Magic


You had 10 spell levels left.
You knew the following spells:

 Your Spells              Type           Power        Failure   Level  Hunger
a - Sandblast             Erth           ####..       1%          1    None
b - Stone Arrow           Conj/Erth      ###...       5%          3    ###....


Dungeon Overview and Level Annotations

Branches:
Dungeon (5/15)
 Temple: D:4-7

Altars:
Cheibriados
Elyvilon
Fedhas
Sif Muna
Wu Jian
Xom
Yredelemnul
Zin
The Shining One

Annotations:
D:3 Sigmund


Innate Abilities, Weirdness & Mutations

You are resistant to torment.
Your stone body is resilient. (AC +4)
You are immune to poison.
You resist negative energy. (rN+)
You are resistant to electric shocks. (rElec)
You can survive without breathing.
You are immune to petrification.
You are immune to rotting.


Message History

Press: ? - help, Shift-Dir - straight line, f - hornet zombie
Aim: a hornet zombie (moderately damaged)
The stone arrow hits the hornet zombie.
The hornet zombie is heavily damaged.
You are feeling very hungry.
The hornet zombie hits you!
* * * LOW HITPOINT WARNING * * *
Casting: Stone Arrow
Confirm with . or Enter, or press ? or * to list all spells.
Aiming: Sandblast
Press: ? - help, Shift-Dir - straight line, f/p - hornet zombie
Aim: a hornet zombie (heavily damaged)
The blast of sand hits the hornet zombie.
The hornet zombie is heavily damaged.
b - 121 stones The hornet zombie hits you.
* * * LOW HITPOINT WARNING * * *
It was a potion of cancellation.
You feel magically purged. The hornet zombie hits you!
You die...

###.#..#.#....._# #.
)..#..#.###..###
##.###.#..#.##.....#
..........#.###..###
###.####..#.#_....#
##.....##)...###..##
#.......#.####.....#
#.#.......#.#
##._.##
#.....Z@....# #####
#.#.......#(#
#.......#.#
##.....##.#
###.####.# ... ..#
..## ..# .. ##


You could see a hornet zombie.

Vanquished Creatures
  3 centaur skeletons
  4 orc wizards
  A bullfrog skeleton (D:4)
  2 iguanas (D:4)
  Ijyb (D:3)
  Robin (D:3)
  7 adders
  An ooze (D:3)
  2 adder skeletons (D:4)
  A worm (D:2)
  A dart slug (D:3)
  A leopard gecko (D:4)
  9 orcs
  3 bats
  7 giant cockroaches
  8 hobgoblins
  2 jackals (D:2)
  2 kobolds (D:1)
  3 quokkas
  2 frilled lizards
  16 goblins
  4 rats
81 creatures vanquished.

Notes
Turn   | Place    | Note
-------+----------+-------------------------------------------
     0 | D:1      | kae the Gargoyle Earth Elementalist began the quest for the Orb.
     0 | D:1      | Reached XP level 1. HP: 10/10 MP: 3/3
   600 | D:1      | Reached XP level 2. HP: 13/15 MP: 5/5
   623 | D:1      | Reached skill level 4 in Earth Magic
  1172 | D:2      | Found a blossoming altar of Fedhas.
  1426 | D:2      | Found an ornate altar of the Wu Jian Council.
  1466 | D:2      | Reached XP level 3. HP: 10/19 MP: 4/6
  1843 | D:2      | Learned a level 3 spell: Stone Arrow
  2211 | D:2      | Reached skill level 1 in Conjurations
  2432 | D:2      | Reached XP level 4. HP: 8/24 MP: 3/8
  2650 | D:3      | Noticed Robin
  3187 | D:3      | Killed Robin
  3313 | D:3      | Noticed Ijyb
  3596 | D:3      | Reached skill level 5 in Earth Magic
  3764 | D:3      | Reached XP level 5. HP: 18/28 MP: 5/10
  3882 | D:3      | Found a faded altar of an unknown god.
  3894 | D:3      | Killed Ijyb
  4109 | D:3      | Found a deep blue altar of Sif Muna.
  4110 | D:3      | Found a basalt altar of Yredelemnul.
  4143 | D:3      | Noticed Sigmund
  4239 | D:3      | Reached XP level 6. HP: 26/32 MP: 4/11
  4676 | D:4      | Reached skill level 6 in Earth Magic
  5488 | D:4      | Reached XP level 7. HP: 27/36 MP: 13/13
  5719 | D:5      | Entered Level 5 of the Dungeon
  5724 | D:5      | Found a glowing golden altar of the Shining One.
  5729 | D:5      | Found a glowing silver altar of Zin.
  5731 | D:5      | Found a shimmering altar of Xom.
  5735 | D:5      | Found a snail-covered altar of Cheibriados.
  5769 | D:5      | Found a white marble altar of Elyvilon.
  5782 | D:5      | Slain by a hornet zombie

Vault maps used:
D:1:      evilmike_arrival_crescent
D:2:      lemuel_doored_altar, fedhas_altar_2
D:3:      chequers_temple_overflow_statue_of_worship,
          chequers_ecumenical_altar_simple, corexii_hall_statues_s, uniq_ijyb,
          uniq_robin, uniq_sigmund
D:4:      first_bread
D:5:      old_standard_altar, minitemple

Skill      XL: |  1  2  3  4  5  6 |
---------------+-------------------+-----
Earth Magic    | 4 5 6 |  6.3
Conjurations   | 1 2 3 |  3.9
Spellcasting   | 3 4 |  4.4
Dodging        | |  1.5
Stealth        | |  2.1
Transmutations | |  0.7

Action                   |  1- 3 |  4- 6 |  7- 9 || total
-------------------------+-------+-------+-------++-------
Melee: Club              |   140 |   135 |       ||   275
       Unarmed           |     8 |       |       ||     8
       Falchion          |       |    89 |     6 ||    95
 Cast: Sandblast         |    10 |    31 |     3 ||    44
       Stone Arrow       |       |    20 |     2 ||    22
  Use: Scroll            |       |     7 |       ||     7
       Potion            |       |     1 |     1 ||     2
 Stab: Sleeping          |     5 |     2 |       ||     7
  Eat: Chunk             |     5 |    13 |       ||    18
Armor: Robe              |    73 |   146 |     3 ||   222
Dodge: Dodged            |    85 |   240 |     4 ||   329
       Rpst.: Falchion   |       |    23 |     2 ||    25

Table legend:
 A = Spawn XP
 B = Non-spawn XP
 C = Spawn XP percentage of total XP
 D = Spawn monster count
 E = Non-spawn monster count
 F = Spawn count percentage of total count
 G = Total turns spent on level
                    A         B        C        D         E        F      G
               +---------+---------+-------+---------+---------+-------+---------
         Total |       0 |     686 |   0.0 |       0 |      81 |   0.0 |  5782
               +---------+---------+-------+---------+---------+-------+---------
           D:1 |       0 |      19 |   0.0 |       0 |      12 |   0.0 |  1083
           D:2 |       0 |      96 |   0.0 |       0 |      30 |   0.0 |  2233
           D:3 |       0 |     189 |   0.0 |       0 |      18 |   0.0 |   971
           D:4 |       0 |     382 |   0.0 |       0 |      21 |   0.0 |  1432
               +---------+---------+-------+---------+---------+-------+---------
